 Dungeon Crawl Stone Soup version 0.29.0-13-gc9e81de378 (webtiles) character file.

Game seed: 6151616835178757632

22309 SnakkuSnakku7 the Brawler (level 12, 0/112 HPs)
             Began as a Ghoul Summoner on Sept 10, 2022.
             Was a High Priest of Cheibriados.
             Slain by a boulder beetle (20 damage)
             ... on level 3 of the Lair of Beasts.
             The game lasted 00:17:45 (15048 turns).

SnakkuSnakku7 the Brawler (Ghoul Summoner)         Turns: 15048, Time: 00:17:46

Health: 0/112      AC: 10    Str: 30    XL:     12   Next: 99%
Magic:  17/17      EV: 14    Int: 23    God:    Cheibriados [*****.]
Gold:   240        SH: 12    Dex: 28    Spells: 13/14 levels left

rFire   . . .      SeeInvis .     - Unarmed
rCold   + . .      Faith    .   C - +0 buckler
rNeg    + + +      Spirit   .   D - +2 ring mail {Will+}
rPois   ∞          Reflect  +   I - +1 hat
rElec   .          Harm     .   n - +0 cloak
rCorr   .          Rampage  .   (no gloves)
Will    ++...                   E - +0 pair of boots
Stlth   ++........              r - amulet of reflection
HPRegen 0.00/turn               e - ring of willpower
MPRegen 0.15/turn               w - +6 ring of dexterity

@: inhibited regen, very slow
A: claws 1, cold resistance 1, negative energy resistance 3, inhibited
regeneration, torment resistance 2, devour on kill
a: Renounce Religion, Bend Time, Temporal Distortion, Slouch, Step From Time


You were on level 3 of the Lair of Beasts.
You worshipped Cheibriados.
Cheibriados was extremely pleased with you.
You visited 3 branches of the dungeon, and saw 14 of its levels.

You collected 652 gold pieces.
You spent 412 gold pieces at shops.

Inventory:

Missiles
 c - 8 poisoned darts (quivered)
 z - a curare-tipped dart
 G - a throwing net
 L - 5 boomerangs
Armour
 n - a +0 cloak (worn)
 C - a +0 buckler (worn)
 D - a +2 ring mail of willpower (worn)
 E - a +0 pair of boots (worn)
 I - a +1 hat (worn)
Jewellery
 e - a ring of willpower (left claw)
 f - a ring of ice
 r - an amulet of reflection (around neck)
 w - a +6 ring of dexterity (right claw)
 x - a ring of resist corrosion
 J - the ring of the Distant Future {Ice Stlth+}
   (You found it on level 1 of the Lair of Beasts)

   [ring of ice]

   It enhances your ice magic.
   rF:        It makes you vulnerable to fire.
   rC:        It protects you from cold.
   Stlth:     It makes you more stealthy.
Wands
 a - a wand of mindburst (4)
 p - a wand of flame (14)
 K - a wand of digging (4)
Scrolls
 g - a scroll of vulnerability
 k - 2 scrolls of amnesia {unknown}
 l - 5 scrolls of immolation {unknown}
 m - 8 scrolls of teleportation
 o - 6 scrolls of enchant weapon {unknown}
 u - 2 scrolls of enchant armour {unknown}
 v - 2 scrolls of blinking
 y - a scroll of brand weapon {unknown}
 A - 2 scrolls of poison {unknown}
 B - 2 scrolls of fear
 F - a scroll of magic mapping {unknown}
 H - a scroll of identify
Potions
 b - 2 potions of magic
 d - a potion of cancellation {unknown}
 h - 2 potions of haste {unknown}
 i - a potion of flight
 j - a potion of brilliance {unknown}
 q - a potion of invisibility
 s - 3 potions of attraction
 t - 5 potions of curing


   Skills:
 - Level 12.0 Fighting
 - Level 4.0 Throwing
 - Level 2.2 Armour
 + Level 4.3 Dodging
 - Level 2.1 Stealth
 - Level 6.0 Shields
 - Level 15.0 Unarmed Combat
 - Level 1.7 Spellcasting
 - Level 3.6 Summonings
 - Level 8.0 Invocations


You had 13 spell levels left.
You knew the following spells:

 Your Spells              Type           Power      Damage    Failure   Level
a - Summon Small Mammal   Summ           72%        N/A       5%          1

Your spell library contained the following spells:

 Spells                   Type           Power      Damage    Failure   Level
 Call Imp                 Summ           18%        N/A       9%          2
 Call Canine Familiar     Summ           18%        N/A       16%         3
 Summon Guardian Golem    Hex/Summ       10%        N/A       34%         3
 Stone Arrow              Conj/Erth      4%         3d7       56%         3
 Animate Armour           Summ/Erth      20%        N/A       75%         4
 Summon Ice Beast         Ice/Summ       10%        N/A       75%         4
 Summon Lightning Spire   Summ/Air       10%        N/A       75%         4
 Summon Mana Viper        Hex/Summ       10%        N/A       97%         5
 Monstrous Menagerie      Summ           9%         N/A       100%        7
 Lehudib's Crystal Spear  Conj/Erth      1%         10d2      100%        8


Dungeon Overview and Level Annotations

Branches:
Dungeon (10/15)            Temple (1/1) D:4            Lair (3/5) D:10
  Snake (0/4) Lair:2
  Swamp: Lair:2-3    Shoals: Lair:2-3       Orc: D:9-12

Altars:
Ashenzari
Cheibriados
Dithmenos
Fedhas
Gozag
Hepliaklqana
Kikubaaqudgha
Makhleb
Nemelex Xobeh
Okawaru
Qazlal
Ru
Sif Muna
Trog
Uskayaw
Vehumet
Wu Jian
Xom
Yredelemnul

Shops:
D:1 [*?([   D:2 !   D:5 (   D:7 ?

Annotations:
D:6 2 transporters, LustLizard's ghost, novice TrFi
D:9 2 transporters, ragingrage's ghost, novice HOMo
D:10 3 runed translucent doors, greynaab's ghost, journeyman GrGl
Temple 2 transporters
Lair:3 Amaemon


Innate Abilities, Weirdness & Mutations

You are immune to poison.
You have sharp fingernails.
Your flesh is cold resistant. (rC+)
You are immune to negative energy. (rN+++)
You do not regenerate when monsters are visible.
You are immune to unholy pain and torment.
You thrive by killing the living.


Message History

Aim: a boulder beetle (lightly wounded, very poisoned, 92% to hit)
You throw a poisoned dart.
The poisoned dart hits the boulder beetle!
The boulder beetle looks as sick as possible!
The boulder beetle is lightly wounded.
The boulder beetle curls into a ball and begins rolling!
Throw: 11 darts (poison)
Press: ? - help, Q - select action, (/) - cycle Shift-Dir - straight line, f/p - boulder beetle
Aim: a boulder beetle (lightly wounded, rolling, extremely poisoned, 92% to hit)
You throw a poisoned dart.
The poisoned dart barely misses the boulder beetle.
Throw: 10 darts (poison)
Press: ? - help, Q - select action, (/) - cycle Shift-Dir - straight line, f/p - boulder beetle
Aim: a boulder beetle (lightly wounded, rolling, extremely poisoned, 92% to hit)
You throw a poisoned dart.
The poisoned dart hits the boulder beetle.
The boulder beetle is lightly wounded.
Throw: 9 darts (poison)
Press: ? - help, Q - select action, (/) - cycle Shift-Dir - straight line, f/p - boulder beetle
Aim: a boulder beetle (moderately wounded, rolling, extremely poisoned, 92% to hit)
You throw a poisoned dart.
The poisoned dart barely misses the boulder beetle.
The boulder beetle hits you!!!
Ouch! That really hurt!
The boulder beetle stops rolling and uncurls.
You are too injured to fight recklessly!
You mangle the boulder beetle!!
The boulder beetle is heavily wounded.
You block the boulder beetle's attack.
You scratch the boulder beetle.
The boulder beetle is severely wounded.
The boulder beetle bites you!!
* * * LOW HITPOINT WARNING * * *
Okay, then.
You scratch the boulder beetle.
The boulder beetle is severely wounded.
You scratch the boulder beetle.
The boulder beetle is almost dead.
The boulder beetle bites you!!
You die...

≈≈≈.≈≈≈≈≈#≈≈............
#≈≈.≈≈≈≈≈≈≈.((.........
#####≈##≈≈#≈≈≈≈>(..........
.................(.........
..........^......(.........
....#....#......(#.....#...
....##..##.......###..###..
...#.....##.....B.# ..#
...##.....#.....@.# ##
...##.....#.......#
...##....##......##
....+....##......#
...††##+.##......# .....#
#.#....... ...... .........
#.##.P. ....###.. ########
##.# ####


You could see a boulder beetle (very poisoned).

Vanquished Creatures
  Gastronok (Lair:1)
  A catoblepas (Lair:3)
  2 hydras
  2 two-headed ogres (D:10)
  Erica (D:10)
  Nergalle (D:9)
  A goliath frog (Lair:3)
  2 manticores (D:10)
  3 elephants (Lair:3)
  2 cane toads
  Maggie (D:9)
  3 komodo dragons
  Prince Ribbit (D:9)
  A polar bear (Lair:2)
  Grinder (D:3)
  5 blink frogs (Lair:3)
  2 wraiths
  2 wyverns
  9 yaks
  3 basilisks
  11 vampire mosquitoes (Lair:3)
  2 steam dragons
  A swamp worm (Lair:3)
  A naga (Lair:2)
  8 water moccasins
  An orc warrior (D:9)
  2 black bears
  2 ice beasts
  A sky beast (D:8)
  3 ogres
  38 wolves
  A centaur (D:9)
  A kobold brigand (D:9)
  8 bullfrogs
  Blork the orc (D:6)
  A necrophage (D:5)
  2 gnoll sergeants
  2 scorpions (D:6)
  10 wights (D:8)
  6 killer bees
  2 howler monkeys (D:9)
  A crimson imp (D:9)
  An orc priest (D:5)
  5 hounds
  A jelly (D:5)
  An iguana (D:5)
  An iron imp (D:4)
  Jessica (D:2)
  3 gnoll boudas
  10 orc wizards
  4 adders
  23 gnolls
  A shadow imp (D:8)
  A white imp (D:8)
  3 dart slugs
  31 orcs
  4 ball pythons
  6 bats
  4 endoplasms
  A giant cockroach (D:4)
  3 goblins
  4 hobgoblins
  9 kobolds
  3 quokkas (D:1)
  A frilled lizard (D:1)
  4 rats
274 creatures vanquished.

Vanquished Creatures (collateral kills)
  A ball python (D:1)
1 creature vanquished.

Vanquished Creatures (others)
  6 fungi (Lair:3)
  11 plants
17 creatures vanquished.

Grand Total: 292 creatures vanquished

Notes
Turn   | Place    | Note
-------+----------+-------------------------------------------
     0 | D:1      | SnakkuSnakku7 the Ghoul Summoner began the quest for the
                  | Orb.
     0 | D:1      | Reached XP level 1. HP: 14/14 MP: 2/2
    35 | D:1      | Found Viehedghe's Weapon Emporium.
   118 | D:1      | Found Kuuranus's Assorted Antiques.
   126 | D:1      | Bought a grey potion for 27 gold pieces
   424 | D:1      | Reached skill level 1 in Fighting
   424 | D:1      | Reached skill level 1 in Unarmed Combat
   501 | D:1      | Reached XP level 2. HP: 21/23 MP: 3/3
   589 | D:1      | Found Erphuop's Armour Shop.
   611 | D:1      | Found Buzuzed's Magic Scroll Shoppe.
   629 | D:1      | Bought a scroll of noise for 10 gold pieces
   838 | D:1      | Found Bucvoet's Armour Boutique.
  1153 | D:2      | Reached XP level 3. HP: 17/29 MP: 4/4
  1403 | D:2      | Reached skill level 2 in Unarmed Combat
  1607 | D:2      | Found a faded altar of an unknown god.
  1762 | D:2      | Found Vorreol's Distillery.
  1762 | D:2      | Noticed Jessica
  1765 | D:2      | Killed Jessica
  1766 | D:2      | Reached XP level 4. HP: 37/37 MP: 5/5
  1919 | D:3      | Noticed Grinder
  1922 | D:3      | Paralysed by Grinder for 2 turns
  2558 | D:3      | Found an ancient bone altar of Kikubaaqudgha.
  2710 | D:3      | Killed Grinder
  2711 | D:3      | Reached skill level 4 in Unarmed Combat
  2711 | D:3      | Reached XP level 5. HP: 18/47 MP: 6/6
  2711 | D:3      | Reached XP level 6. HP: 20/53 MP: 7/7
  3033 | D:4      | Found a staircase to the Ecumenical Temple.
  3049 | D:4      | Found a hide-covered altar of Uskayaw.
  3143 | Temple   | Entered the Ecumenical Temple
  3143 | Temple   | Found a transporter.
  3143 | Temple   | Found a transporter.
  3145 | Temple   | Found a transporter.
  3145 | Temple   | Found a transporter.
  3335 | D:4      | Found a snail-covered altar of Cheibriados.
  3351 | D:4      | Became a worshipper of Cheibriados the Contemplative
  3409 | D:4      | Identified the +2 sling of Taopewuo {speed, Str+5}
  3796 | D:5      | Entered Level 5 of the Dungeon
  3873 | D:5      | Found Necs's Antique Weapon Boutique.
  3875 | D:5      | Noticed a black bear
  3898 | D:5      | Killed a black bear
  3899 | D:5      | Reached skill level 1 in Throwing
  3899 | D:5      | Reached skill level 5 in Unarmed Combat
  4019 | D:5      | Reached XP level 7. HP: 35/60 MP: 8/8
  4246 | D:5      | Reached * piety under Cheibriados
  4537 | D:4      | Reached skill level 6 in Unarmed Combat
  4703 | D:1      | Bought a scroll labelled ONAPEENOFU for 30 gold pieces
  4703 | D:1      | Bought a scroll labelled REUSTRERIOF for 30 gold pieces
  4703 | D:1      | Bought a scroll labelled PEZXERR NOVO for 30 gold pieces
  4703 | D:1      | Bought a metallic green potion for 27 gold pieces
  4728 | D:1      | Bought a scroll of identify for 20 gold pieces
  4728 | D:1      | Bought a scroll of fear for 40 gold pieces
  5068 | D:5      | Found a sacrificial altar of Ru.
  5176 | D:5      | Reached XP level 8. HP: 34/67 MP: 9/9
  5569 | D:5      | Reached skill level 7 in Unarmed Combat
  5991 | D:6      | Reached skill level 8 in Unarmed Combat
  6286 | D:6      | Noticed a wraith
  6307 | D:6      | Killed a wraith
  6308 | D:6      | Reached skill level 9 in Unarmed Combat
  6445 | D:6      | Noticed Blork the orc
  6517 | D:6      | Killed Blork the orc
  6790 | D:6      | Reached ** piety under Cheibriados
  6850 | D:6      | Reached skill level 10 in Unarmed Combat
  6850 | D:6      | Reached XP level 9. HP: 52/72 MP: 10/10
  7331 | D:6      | Found a transporter.
  7336 | D:6      | Noticed LustLizard's ghost (novice TrFi)
  7339 | D:6      | Found a transporter.
  7391 | D:7      | Found Ypuinwyj's Magic Scroll Shoppe.
  7397 | D:7      | Bought a scroll of blinking for 90 gold pieces
  7766 | D:7      | Reached skill level 11 in Unarmed Combat
  8272 | D:8      | You fall into a shaft and drop 2 floors!
  8272 | D:10     | Entered Level 10 of the Dungeon
  8272 | D:10     | Found a staircase to the Lair.
  8287 | D:9      | Reached *** piety under Cheibriados
  8301 | D:9      | Reached skill level 12 in Unarmed Combat
  9125 | D:8      | Reached skill level 13 in Unarmed Combat
  9143 | D:8      | Reached XP level 10. HP: 77/80 MP: 11/11
  9454 | D:8      | Found a sparkling altar of Nemelex Xobeh.
  9523 | D:8      | Reached **** piety under Cheibriados
  9985 | D:7      | Bought 3 scrolls of teleportation for 108 gold pieces
 10050 | D:9      | Reached skill level 14 in Unarmed Combat
 10098 | D:9      | Noticed Maggie
 10285 | D:9      | Found an opulent altar of Gozag.
 10528 | D:9      | Found a stormy altar of Qazlal.
 10640 | D:9      | Found a transporter.
 10641 | D:9      | Noticed a manticore
 10666 | D:9      | Noticed ragingrage's ghost (novice HOMo)
 10671 | D:9      | Noticed Prince Ribbit
 10672 | D:9      | Noticed a moth of wrath
 10681 | D:9      | Killed Prince Ribbit
 10682 | D:9      | Reached skill level 15 in Unarmed Combat
 10682 | D:9      | Reached skill level 1 in Invocations
 10752 | D:9      | Found a transporter.
 10808 | D:9      | Killed Maggie
 11057 | D:9      | Found a burning altar of Makhleb.
 11059 | D:9      | Found a radiant altar of Vehumet.
 11263 | D:9      | Found an ornate altar of the Wu Jian Council.
 11272 | D:9      | Found a blossoming altar of Fedhas.
 11367 | D:10     | Noticed Erica
 11371 | D:10     | Killed Erica
 11372 | D:10     | Reached skill level 5 in Invocations
 11457 | D:10     | Noticed a two-headed ogre
 11466 | D:10     | Killed a two-headed ogre
 11467 | D:10     | Reached XP level 11. HP: 79/85 MP: 13/15
 11584 | D:10     | Noticed a manticore
 11595 | D:10     | Killed a manticore
 11677 | D:10     | Noticed a manticore
 11691 | D:10     | Killed a manticore
 11691 | D:10     | Reached ***** piety under Cheibriados
 11692 | D:10     | Reached skill level 5 in Fighting
 11784 | D:10     | Noticed Nergalle
 11797 | D:9      | Killed Nergalle
 11879 | D:10     | Noticed greynaab's ghost (journeyman GrGl)
 11923 | D:10     | Found a runed translucent gate.
 11923 | D:10     | Found a runed translucent gate.
 11923 | D:10     | Found a runed translucent gate.
 12107 | D:10     | Noticed a two-headed ogre
 12119 | D:10     | Killed a two-headed ogre
 12220 | Lair:1   | Entered Level 1 of the Lair of Beasts
 12312 | Lair:1   | Noticed a five-headed hydra
 12318 | Lair:1   | Killed a five-headed hydra
 12751 | Lair:1   | Noticed Gastronok
 12769 | Lair:1   | Killed Gastronok
 12904 | Lair:1   | Identified the ring of the Distant Future {Ice Stlth+}
 13027 | Lair:1   | Reached skill level 10 in Fighting
 13421 | Lair:2   | Reached XP level 12. HP: 107/107 MP: 17/17
 13462 | Lair:2   | Found a staircase to the Snake Pit.
 13497 | Lair:2   | Noticed a seven-headed hydra
 13504 | Lair:2   | Killed a seven-headed hydra
 14131 | Lair:3   | Noticed a boulder beetle
 14131 | Lair:3   | Noticed a catoblepas
 14195 | Lair:3   | Reached skill level 5 in Shields
 14486 | Lair:3   | Reached skill level 1 in Armour
 14973 | Lair:3   | Noticed Amaemon
 14997 | Lair:3   | Killed a catoblepas
 15048 | Lair:3   | Slain by a boulder beetle

Illustrated notes

Levels and vault maps discovered:
D:1:      matt_arrival_grand_opening, layout_loops_ring, serial_shops,
          nicolae_shop_competitors_out_of_business,
          nicolae_shop_bloodbath_and_beyond, shop, nicolae_shop_statue_plus,
          shop, minmay_hexomino_u4
D:2:      layout_basic, serial_shops, shop, chequers_ecumenical_altar_simple,
          uniq_jessica
D:3:      layout_loops_ring, marbit_many_paths, chequers_serial_rivers_marsh,
          uniq_grinder
D:4:      layout_cave_pods, nicolae_uskayaw_dance_hall, slow_altar_2,
          temple_fountains, serial_bayou_pond_c
D:5:      layout_basic, general_overflow_altar, serial_shops, shop_fountains,
          hangedman_abyss_or_decor_passed
D:6:      layout_cave_pods, gammafunk_ghost_smash, uniq_blork_the_orc
D:7:      layout_loops_cross, serial_shops, shop
D:8:      minmay_angry_zag, layout_cave_pods, kennysheep_mini_moat
D:9:      layout_basic, grunt_temple_overflow_lords_of_destruction,
          grunt_qazlal_clouds, grunt_gozag_statues,
          mainiacjoe_overflow_big_doors, gammafunk_ghost_berserking_beasts,
          uniq_maggie, uniq_prince_ribbit1
D:10:     layout_gridville, lair_entry_dummy, gammafunk_ghost_icy,
          uniq_nergalle, uniq_erica
Temple:   hellmonk_temple_divided_pantheon
Lair:1:   layout_misc_corridors, uniq_gastronok
Lair:2:   layout_gridlike, guppyfry_snake_entry_island
Lair:3:   onia_ninara_swampy_vault, layout_regular_city,
          minmay_swamp_entry_swarm, grunt_forest_large_clearings, uniq_amaemon

Skill      XL: |  1  2  3  4  5  6  7  8  9 10 11 12 |
---------------+-------------------------------------+-----
Fighting       | 1 2 4 10 12 | 12.0
Unarmed Combat | 1 2 4 5 6 10 13 15 | 15.0
Throwing       | 1 3 4 |  4.0
Invocations    | 6 8 |  8.0
Shields        | 6 |  6.0
Armour         | 2 |  2.2
Dodging        | 4 |  4.3
Stealth        | |  2.1
Spellcasting   | |  1.7
Summonings     | |  3.6

Action                   |  1- 3 |  4- 6 |  7- 9 | 10-12 || total
-------------------------+-------+-------+-------+-------++-------
Melee: Unarmed           |   116 |   121 |   395 |   439 ||  1071
       Punch             |       |     2 |    21 |       ||    23
Throw: Dart              |       |       |    12 |    22 ||    34
       Boomerang         |       |       |       |     2 ||     2
 Cast: Summon Small Mamm |     3 |     1 |       |       ||     4
Invok: Slouch            |       |       |       |     3 ||     3
Evoke: Wand              |       |       |       |     6 ||     6
  Use: Potion            |       |     1 |     1 |     1 ||     3
       Scroll            |       |       |     9 |     2 ||    11
 Stab: Sleeping          |     4 |     1 |       |     6 ||    11
Armor: Robe              |    27 |     1 |       |       ||    28
       Scale mail        |       |    49 |   116 |     9 ||   174
       Ring mail         |       |       |       |   111 ||   111
Dodge: Dodged            |    83 |    67 |   144 |   171 ||   465
Block: Other             |       |       |    53 |       ||    53
       Buckler           |       |       |    19 |   231 ||   250
       Reflection        |       |       |     1 |       ||     1
